 Dungeon Crawl Stone Soup version 0.19-a0-1905-ge8b2aad (webtiles) character file.

114135 Morenatsu the Warrior (level 16, -8/177 HPs)
             Began as a Gargoyle Gladiator on Oct 20, 2016.
             Was the Champion of Ashenzari.
             Shot with an arrow by a naga sharpshooter (15 damage)
             ... led by Vashnia
             ... on level 3 of the Snake Pit on Oct 21, 2016.
             The game lasted 01:36:51 (23957 turns).

Morenatsu the Warrior (Gargoyle Gladiator)         Turns: 23957, Time: 01:36:52

Health: -8/177     AC: 46    Str: 32    XL:     16   Next: 65%
Magic:  16/16      EV: 10    Int: 11    God:    Ashenzari [******]
Gold:   493        SH:  0    Dex: 11    Spells: 0 memorised, 15 levels left

rFire  + . .     SeeInvis +     p - +8 quarterstaff (crush) (curse)
rCold  . . .     Gourm    .     L - +1 plate armour {rF+} (curse)
rNeg   + + .     Faith    .     (shield currently unavailable)
rPois  ∞         Spirit   .     c - +0 helmet (curse)
rElec  +         Reflect  .     q - +2 cloak (curse)
rCorr  .         Harm     .     v - +1 pair of gloves (curse)
MR     +....     Clarity  +     z - +0 pair of boots (curse)
Stlth  ..........               a - amulet of regeneration (curse)
                                B - ring of Dobla {*Slow rN+ Str+4}
                                W - +5 ring of protection

@: berserking (expiring), very slightly contaminated, slowed
A: big wings, negative energy resistance 1, electricity resistance, unbreathing,
petrification resistance, rot immunity, AC +11
a: Fly, Curse Item, Scrying, Transfer Knowledge, Renounce Religion


You were on level 3 of the Snake Pit.
You worshipped Ashenzari.
Ashenzari was exalted by your worship.
You were not hungry.

You visited 6 branches of the dungeon, and saw 25 of its levels.
You also visited: Labyrinth.

You collected 2698 gold pieces.
You spent 2205 gold pieces at shops.

Inventory:

Hand Weapons
 p - a cursed +8 quarterstaff of crushing (weapon)
Armour
 c - a cursed +0 helmet (worn)
 h - a cursed +2 shield of protection
 q - a cursed +2 cloak (worn)
 v - a cursed +1 pair of gloves (worn)
 z - a cursed +0 pair of boots (worn)
 L - a cursed +1 plate armour of fire resistance (worn)
Jewellery
 a - a cursed amulet of regeneration (around neck)
 B - the ring of Dobla (right hand) {*Slow rN+ Str+4}
   (You bought it in a shop on level 1 of the Snake Pit)

   [ring of positive energy]

   It affects your strength (+4).
   It protects you from negative energy.
   It may slow you when you take damage.
 H - the cursed ring of Nynyc {rCorr rElec}
   (You found it on level 6 of the Lair of Beasts)

   [ring of resist corrosion]

   It insulates you from electricity.
   It has a curse placed upon it.
 W - a +5 ring of protection (left hand)
Wands
 o - a wand of teleportation (5/9)
 t - a wand of iceblast (13/15)
 u - a wand of flame (30/48)
 A - a wand of flame (24/48)
 F - a wand of disintegration (12/24)
 I - a wand of random effects (17/48)
 M - a wand of slowing (22/48)
 O - a wand of lightning (10/15)
 P - a wand of confusion (9/48)
Scrolls
 j - 7 scrolls of teleportation
 x - 5 scrolls of enchant armour
 y - 3 scrolls of blinking
 E - 9 scrolls of identify
 U - a scroll of summoning
Potions
 b - 2 potions of haste
 d - 2 potions of lignification
 e - a potion of cure mutation
 g - 2 potions of flight
 i - a potion of cancellation
 s - 3 potions of ambrosia
 w - a potion of brilliance
 G - a potion of mutation
 V - a potion of agility
 X - 2 potions of curing
Comestibles
 f - 12 bread rations
 k - 3 beef jerkies
 l - 2 chunks of flesh
 n - 4 slices of pizza
 r - 19 fruits
 D - 7 meat rations


   Skills:
 + Level 19.8 Fighting
 - Level 16.8(21.9) Staves
 - Level 1.7 Throwing
 - Level 14.3(19.6) Armour
 - Level 2.4 Dodging


You had 15 spell levels left.
You didn't know any spells.

Dungeon Overview and Level Annotations

Branches:
Dungeon (12/15)            Temple (1/1) D:4            Lair (6/6) D:9
 Shoals (0/4) Lair:2        Snake (3/4) Lair:3        Slime (0/5) Lair:6
    Orc (2/2) D:10            Elf (1/3) Orc:2

Altars:
Ashenzari
Cheibriados
Dithmenos
Elyvilon
Fedhas
Gozag
Hepliaklqana
Kikubaaqudgha
Makhleb
Nemelex Xobeh
Okawaru
Qazlal
Ru
Sif Muna
Trog
Uskayaw
Vehumet
Xom
Yredelemnul
Zin
The Shining One
Beogh
Jiyva

Shops:
D:8 (   Orc:1 *   Orc:2 *(![   Snake:1 =}=

Portals:
Hell: Lair:6

Annotations:
Snake:3 Vashnia


Innate Abilities, Weirdness & Mutations

You are resistant to torment.
Your stone body is resilient. (AC +11)
You are immune to poison.
Your large and strong wings let you fly indefinitely.
You resist negative energy. (rN+)
You are resistant to electric shocks. (rElec)
You can survive without breathing.
You are immune to petrification.
You are immune to rotting.


Message History

The naga warrior grabs you. The naga warrior constricts you.
The guardian serpent hits you but does no damage.
Vashnia shoots an arrow.
The arrow completely misses you.
The arrow hits the guardian serpent!!
The guardian serpent dies!
Things that are here:
a +0 battleaxe; a +0 robe You escape the naga warrior's grasp.
You feel a strong urge to attack something.
The naga sharpshooter spits poison at you.
The splash of poison hits you! You resist.
The salamander hits you from afar with a glaive.
* * * LOW HITPOINT WARNING * * *
You are engulfed in flames.
You resist.
* * * LOW HITPOINT WARNING * * *
The naga hits you but does no damage.
The naga sharpshooter shoots a bolt.
The bolt hits you but does no damage.
The naga sharpshooter shoots a bolt.
The bolt closely misses you.
The naga sharpshooter shoots an arrow.
The arrow hits you!
You die...

**####*, ,........#, * ...,,
,,.........## #,, .. ,,
N.......##. *** ** #.
#.#######......... *
**,.#.###§.(.............N
*,,** *
......§NNN.......§#{{NN *,,
* ,..##...()N........#{..( ,
,,* *,
,,**#....NN...(....##.## ,
,,*,, , *
#..@......(...###### ,,, * ,
#.........(....# * * , ,,,,
.{. #...............#* . ,
**... #..........#.##..... *
** ...###(........##.#* #..#
*
,,,,.............##,..**#.**
*** * ,
...##.........,...,,, * *,*
* ####N#*####.##.## ,..#* ,,
* , #..N.#######*#.... ,##
*#


You could see Vashnia, a naga warrior, 3 naga sharpshooters, a salamander and a
naga.

Vanquished Creatures
  Nikola (Snake:3)
  Gastronok (Lair:1)
  Donald (Snake:3)
  An orc warlord (D:10)
  Nessos (Lair:5)
  A dire elephant (Lair:6)
  A minotaur (Lab)
  15 naga warriors
  The ghost of Jorund the Cleaver, a journeyman DsGl of Okawaru (Lair:1)
  5 hydras
  Erolcha (Orc:1)
  Erica (D:10)
  7 anacondas
  The ghost of Zigma the Grappler, a novice DrMo of Dithmenos (D:10)
  7 death yaks
  2 shock serpents
  5 naga sharpshooters
  A sixfirhy (Lair:6)
  A deep elf archer (Elf:1)
  3 hill giants
  2 naga ritualists
  2 wizards
  3 orc knights
  A lindwurm (Orc:1)
  9 mana vipers
  4 orc sorcerers
  8 salamanders
  2 ugly things
  6 guardian serpents
  A cyclops (D:11)
  A manticore (Lair:2)
  4 elephants (Lair:5)
  A smoke demon (Lair:6)
  Maurice (D:8)
  19 black mambas
  2 orange demons (Lair:6)
  13 naga magi
  A kobold demonologist (D:11)
  17 spiny frogs
  2 rime drakes (Lair:6)
  6 komodo dragons
  4 ice devils (Lair:6)
  3 red devils (Lair:6)
  A hellwing (Lair:6)
  10 trolls
  3 polar bears
  A two-headed ogre (D:11)
  A hornet (D:10)
  A dream sheep (Lair:6)
  Grinder (D:5)
  3 hippogriffs
  10 blink frogs
  Sigmund (D:6)
  51 yaks
  A wyvern (D:11)
  A wraith (D:12)
  A spriggan (Lair:3)
  Eustachio (D:5)
  A wyvern (shapeshifter) (D:11)
  2 basilisks
  3 hungry ghosts
  Grum (D:11)
  5 wargs
  35 nagas
  17 water moccasins
  11 porcupines
  7 sky beasts
  5 ice beasts
  33 orc warriors
  2 black bears
  2 phantoms
  19 ogres
  18 wolves
  16 centaurs
  A necrophage (D:8)
  15 crocodiles
  The ghost of Morenatsu the Firebug, an amateur DEFE (D:3)
  3 big kobolds
  12 bullfrogs
  3 gnoll sergeants
  A water moccasin zombie (D:8)
  7 scorpions
  3 wights (D:9)
  4 killer bees (D:7)
  3 electric eels (Lair:6)
  A howler monkey (D:5)
  8 crimson imps
  3 centaur zombies
  10 hounds
  6 jellies
  2 centaur skeletons
  8 orc priests
  Crazy Yiuf (D:3)
  2 bullfrog skeletons
  Jessica (D:3)
  23 orc wizards
  2 iguanas
  7 worker ants
  A killer bee zombie (D:8)
  A hound zombie (D:5)
  2 hound skeletons
  Robin (D:3)
  A howler monkey skeleton (D:4)
  A worker ant zombie (D:11)
  6 gnolls
  10 adders
  6 river rats (D:9)
  A shadow imp (D:9)
  2 adder zombies
  2 adder skeletons
  8 worms
  4 dart slugs
  4 leopard geckos
  83 orcs
  5 bats
  7 giant cockroaches
  16 goblins
  7 hobgoblins
  9 jackals
  17 kobolds
  8 quokkas
  2 ball pythons
  6 frilled lizards
  A jackal zombie (D:8)
  A leopard gecko zombie (D:5)
  2 quokka skeletons
  A quokka zombie (D:8)
  4 rats
779 creatures vanquished.

Vanquished Creatures (collateral kills)
  A butterfly (Lair:4)
1 creature vanquished.

Vanquished Creatures (others)
  A naga mage (Snake:2)
  A guardian serpent (Snake:3)
  3 orcs
  5 fungi (Lair:6)
  11 plants
21 creatures vanquished.

Grand Total: 801 creatures vanquished

Notes
Turn   | Place    | Note
-------+----------+-------------------------------------------
     0 | D:1      | Morenatsu the Gargoyle Gladiator began the quest for the Orb.
     0 | D:1      | Reached XP level 1. HP: 12/12 MP: 1/1
    48 | D:1      | Reached XP level 2. HP: 17/17 MP: 2/2
   697 | D:1      | Reached XP level 3. HP: 21/21 MP: 3/3
   983 | D:2      | Reached XP level 4. HP: 16/26 MP: 4/4
  1244 | D:3      | Reached skill level 5 in Staves
  1250 | D:3      | Noticed Robin
  1262 | D:3      | Killed Robin
  1554 | D:3      | Noticed Morenatsu's ghost (amateur DEFE)
  1558 | D:3      | Killed Morenatsu's ghost
  1558 | D:3      | Reached XP level 5. HP: 30/30 MP: 5/5
  1703 | D:3      | Found a runed door.
  1753 | D:3      | Noticed Jessica
  1759 | D:3      | Killed Jessica
  1815 | D:3      | Noticed Crazy Yiuf
  1822 | D:3      | Killed Crazy Yiuf
  1822 | D:3      | Reached XP level 6. HP: 35/35 MP: 6/6
  2602 | D:4      | Found a staircase to the Ecumenical Temple.
  2640 | Temple   | Entered the Ecumenical Temple
  2786 | Temple   | Became a worshipper of Ashenzari the Shackled
  3050 | D:5      | Entered Level 5 of the Dungeon
  3076 | D:5      | Noticed an ice beast
  3096 | D:5      | Killed an ice beast
  3096 | D:5      | Reached XP level 7. HP: 40/40 MP: 7/7
  3171 | D:5      | Noticed Grinder
  3509 | D:5      | Paralysed by Grinder for 6 turns
  3530 | D:5      | Killed Grinder
  3530 | D:5      | Reached XP level 8. HP: 9/44 MP: 8/8
  3808 | D:5      | Reached skill level 10 in Staves
  3944 | D:5      | Found a hide-covered altar of Uskayaw.
  3946 | D:5      | Noticed a dagger
  3946 | D:5      | Noticed a hand axe
  4079 | D:5      | Noticed Eustachio
  4104 | D:5      | Killed Eustachio
  4462 | D:6      | Reached XP level 9. HP: 48/48 MP: 9/9
  4553 | D:6      | Reached * piety under Ashenzari
  4654 | D:6      | Noticed Sigmund
  4669 | D:6      | Killed Sigmund
  5198 | D:7      | Reached ** piety under Ashenzari
  5374 | D:7      | Reached skill level 3 in Fighting
  5419 | D:7      | Found a burning altar of Makhleb.
  5423 | D:7      | Reached skill level 4 in Fighting
  5564 | D:7      | Reached skill level 5 in Fighting
  5858 | D:7      | Reached skill level 6 in Fighting
  5940 | D:8      | Noticed Maurice
  5957 | D:8      | Killed Maurice
  5957 | D:8      | Reached skill level 7 in Fighting
  5957 | D:8      | Reached XP level 10. HP: 64/64 MP: 10/10
  6044 | D:8      | Reached skill level 8 in Fighting
  6048 | D:8      | Found Zatota's Antique Weapon Boutique.
  6271 | D:8      | Reached *** piety under Ashenzari
  6286 | D:8      | Found a sacrificial altar of Ru.
  6289 | D:8      | Found a bloodstained altar of Trog.
  6295 | D:8      | Found a stormy altar of Qazlal.
  6334 | D:8      | Reached skill level 9 in Fighting
  6426 | D:8      | Found a hazy altar of Hepliaklqana.
  6496 | D:8      | Identified the +7 arbalest "Ojepp" {elec, MP+9 Int+4 Dex+4}
  6544 | D:8      | Reached skill level 1 in Armour
  6758 | D:9      | Reached skill level 5 in Armour
  7209 | D:9      | Reached XP level 11. HP: 71/71 MP: 11/11
  7258 | D:9      | Found a staircase to the Lair.
  7699 | D:10     | Entered Level 10 of the Dungeon
  7905 | D:10     | Reached skill level 10 in Fighting
  7951 | D:10     | Noticed Zigma's ghost (novice DrMo)
  7983 | Lair:1   | Entered Level 1 of the Lair of Beasts
  8228 | Lair:1   | Noticed Jorund's ghost (journeyman DsGl)
  8258 | Lair:1   | Killed Jorund's ghost
  8352 | Lair:1   | Reached skill level 11 in Fighting
  8356 | Lair:1   | Noticed Gastronok
  8374 | Lair:1   | Killed Gastronok
  8407 | Lair:1   | Reached skill level 12 in Fighting
  9160 | Lair:2   | Reached skill level 13 in Fighting
  9160 | Lair:2   | Reached XP level 12. HP: 68/84 MP: 12/12
  9325 | Lair:2   | Reached **** piety under Ashenzari
  9397 | Lair:2   | Found a staircase to the Shoals.
  9461 | Lair:2   | Reached skill level 14 in Fighting
  9969 | Lair:3   | Found a staircase to the Snake Pit.
 10324 | Lair:3   | Reached skill level 10 in Armour
 10410 | Lair:3   | Reached ***** piety under Ashenzari
 10988 | Lair:4   | Found a stormy altar of Qazlal.
 11154 | Lair:4   | Identified a scroll of acquirement
 11297 | Lair:4   | Reached XP level 13. HP: 91/91 MP: 13/13
 11900 | Lair:5   | Noticed Nessos
 11917 | Lair:5   | Killed Nessos
 12487 | Lair:6   | Entered Level 6 of the Lair of Beasts
 12847 | Lair:6   | Found a viscous altar of Jiyva.
 12847 | Lair:6   | Found a staircase to the Slime Pits.
 12888 | Lair:6   | Identified the +7 dagger of Tieturgh {holy, rF+ rN+ Stlth+}
 13075 | Lair:6   | Reached skill level 15 in Staves
 13420 | Lair:6   | Gained mutation: Your large and strong wings let you fly indefinitely. [Gargoyle growth]
 13420 | Lair:6   | Reached XP level 14. HP: 84/96 MP: 14/14
 13543 | Lair:6   | Noticed a dire elephant
 13562 | Lair:6   | Killed a dire elephant
 13733 | Lair:6   | Found a burning altar of Makhleb.
 13733 | Lair:6   | Found a gateway to Hell.
 14124 | Lair:6   | Identified the cursed ring of Nynyc {rCorr rElec}
 14565 | D:10     | Killed Zigma's ghost
 14667 | D:10     | Found a staircase to the Orcish Mines.
 14925 | Orc:1    | Entered Level 1 of the Orcish Mines
 14925 | Orc:1    | Found Dodopayh's Assorted Antiques.
 14927 | Orc:1    | Noticed an orc warlord
 15170 | D:10     | Noticed Erica
 15181 | D:10     | Killed Erica
 15181 | D:10     | Reached skill level 15 in Fighting
 15554 | D:11     | Reached ****** piety under Ashenzari
 15561 | D:11     | Noticed Grum
 15580 | D:11     | Killed Grum
 17019 | D:10     | Killed an orc warlord
 17183 | Orc:1    | Paralysed by an orc sorcerer for 5 turns
 17462 | Orc:1    | Reached XP level 15. HP: 83/104 MP: 15/15
 17480 | Orc:1    | Noticed Erolcha
 17488 | Orc:1    | Killed Erolcha
 17503 | Orc:1    | Bought a scroll of identify for 74 gold pieces
 17503 | Orc:1    | Bought a scroll of remove curse for 111 gold pieces
 17503 | Orc:1    | Bought a scroll labeled IGUGYEW FIBBUOSK for 37 gold pieces
 17838 | Orc:2    | Entered Level 2 of the Orcish Mines
 18221 | Orc:2    | Found a roughly hewn altar of Beogh.
 18634 | Orc:2    | Found a staircase to the Elven Halls.
 18653 | Elf:1    | Entered Level 1 of the Elven Halls
 19303 | Orc:2    | Found Qeoshr Xyge's Distillery.
 19303 | Orc:2    | Found Loill's Antique Weapon Shop.
 19308 | Orc:2    | Found Geubomour's Assorted Antiques.
 19314 | Orc:2    | Found Edissomo's Antique Armour Emporium.
 19456 | Orc:2    | Bought a shiny plate armour for 522 gold pieces
 19473 | Orc:2    | Bought a dented blue amulet for 105 gold pieces
 19473 | Orc:2    | Bought a scroll of identify for 42 gold pieces
 19473 | Orc:2    | Bought a scroll of remove curse for 63 gold pieces
 19914 | D:12     | Found a labyrinth entrance.
 19952 | Lab      | Entered a labyrinth
 20127 | Lab      | Found an exit through the horrors of the Abyss.
 20221 | Lab      | Identified Yfuta's Incunabulum of Attacks
 20432 | Snake:1  | Entered Level 1 of the Snake Pit
 20440 | Lair:3   | Reached skill level 16 in Fighting
 21311 | Snake:1  | Found Weufuoje's Jewellery Emporium.
 21313 | Snake:1  | Found Vucrucij's Gadget Boutique.
 21318 | Snake:1  | Found Varph's Jewellery Emporium.
 21334 | Snake:1  | Bought the ring of Dobla {*Slow rN+ Str+4} for 536 gold pieces
 21338 | Snake:1  | Bought a +5 ring of protection for 715 gold pieces
 21752 | Snake:2  | Reached skill level 17 in Fighting
 22256 | Snake:2  | Reached skill level 18 in Fighting
 22261 | Snake:2  | Reached XP level 16. HP: 97/114 MP: 16/16
 23082 | Snake:3  | Reached skill level 19 in Fighting
 23218 | Snake:3  | Noticed Vashnia
 23259 | Snake:3  | Noticed Nikola
 23289 | Snake:3  | Killed Nikola
 23824 | Snake:3  | Noticed Donald
 23838 | Snake:3  | Killed Donald
 23956 | Snake:3  | HP: 6/177 [salamander/glaive (6)]
 23957 | Snake:3  | Shot with an arrow by a naga sharpshooter

Vault maps used:
D:1:      arrival_zaba_pyramid, grunt_decor_resistance, lemuel_another_geyser
D:3:      uniq_robin, uniq_jessica, uniq_crazy_yiuf_cottage
D:4:      first_bread
D:5:      dancing_weapons_uskayaw, uniq_grinder, uniq_eustachio
D:6:      hangedman_decor_opposing, hangedman_abyss_or_decor_lesser_grid,
          uniq_sigmund
D:7:      makhleb_heckhound_becter, minmay_misc_feat_roman
D:8:      lemuel_doored_altar, grunt_temple_overflow_diamond, serial_shops,
          nicolae_shop_overgrown_old_shop, uniq_maurice
D:9:      minmay_lair_entry_grove
D:10:     kennysheep_orc_monster_closet_entryway, uniq_erica
D:11:     hangedman_cross_cluster, uniq_grum
D:12:     lab_entry_generic, grunt_pizzeria, kennysheep_minor_cross,
          jmf_multi_god_temple2
Temple:   eino_wide_crystal_templ
Lair:1:   statuecave_lemuel, uniq_gastronok
Lair:2:   minmay_shoals_entry_beasts
Lair:3:   guppyfry_snake_entry_island, lemuel_fruit_fields
Lair:4:   basic_altar, grunt_forest_stairs_clearing, lemuel_fruit_fields
Lair:5:   infiniplex_staircase_pool_2, uniq_nessos
Lair:6:   evil_forest, slime_altar_1, serial_bayou_shore_a
Snake:1:  minmay_shop_grove
Snake:2:  cheibrodos_snake_ritualist_ritual, hangedman_snake_corridor_split
Snake:3:  uniq_vashnia, uniq_donald, uniq_nikola
Orc:1:    nicolae_volcano_entry_vermiform, serial_shops, nicolae_shop_trees,
          uniq_erolcha
Orc:2:    st_orc_rangers, basic_altar
Elf:1:    serial_shops, shop_statue, hangedman_elf_represent,
          hangedman_elf_targetted_burst
Lab:      labyrinth_mini_lab, lab_block, nicolae_lab_blocks,
          nicolae_lab_flowing_pool

Skill      XL: |  1  2  3  4  5  6  7  8  9 10 11 12 13 14 15 16 |
---------------+-------------------------------------------------+-----
Staves         | 4 6 7 9 11 12 15 16 | 16.8
Fighting       | 7 9 13 14 15 18 19 | 19.8
Armour         | 8 12 13 14 | 14.3
Throwing       | |  1.7
Dodging        | |  2.4

Action                   |  1- 3 |  4- 6 |  7- 9 | 10-12 | 13-15 | 16-18 || total
-------------------------+-------+-------+-------+-------+-------+-------++-------
Melee: Quarterstaff      |   100 |   176 |   262 |   691 |  1481 |   356 ||  3066
Invok: Curse Item        |       |       |     2 |     4 |     3 |     1 ||    10
       Scrying           |       |       |       |     1 |     5 |     1 ||     7
 Abil: Fly               |       |       |       |       |     1 |       ||     1
       Stop Flying       |       |       |       |       |     1 |       ||     1
Evoke: Wand              |       |       |       |     1 |       |       ||     1
  Use: Scroll            |     3 |     5 |     5 |    15 |     4 |     7 ||    39
       Potion            |       |       |       |     1 |     6 |     7 ||    14
 Stab: Petrified         |       |       |     1 |       |       |       ||     1
       Distracted        |       |       |     1 |       |       |       ||     1
  Eat: Chunk             |       |     7 |     9 |    20 |    31 |     6 ||    73
       Fruit             |       |       |       |       |     6 |     2 ||     8
Armor: Leather armour    |    23 |    49 |    94 |    17 |       |       ||   183
       Robe              |    28 |       |       |       |       |       ||    28
       Plate armour      |       |       |       |   332 |  1030 |   476 ||  1838
Dodge: Dodged            |    79 |   106 |   201 |   306 |   739 |   174 ||  1605
